 Dungeon Crawl Stone Soup version 0.29-a0-823-gc37b1572da (webtiles) character file.

Game seed: 2917715815711970787

46428 pokeman the Eclecticist (level 14, -7/78 HPs)
             Began as a Deep Elf Hedge Wizard on July 5, 2022.
             Was a High Priest of Vehumet.
             Mangled by a black mamba (10 damage)
             ... on level 2 of the Lair of Beasts on July 9, 2022.
             The game lasted 01:01:48 (26589 turns).

pokeman the Eclecticist (Deep Elf Hedge Wizard)    Turns: 26589, Time: 01:01:48

Health: -7/78      AC: 17    Str:  7    XL:     14   Next: 4%
Magic:  1/40       EV: 12    Int: 26    God:    Vehumet [*****.]
Gold:   803        SH:  5    Dex: 14    Spells: 21/53 levels left

rFire   + . .      SeeInvis +   h - staff of conjuration
rCold   + . .      Faith    .   J - +0 buckler
rNeg    . . .      Spirit   .   i - +5 robe of Night {Dark Will+ SInv}
rPois   .          Reflect  .   Y - +0 helmet
rElec   .          Harm     .   c - +0 cloak
rCorr   .          Rampage  .   P - +4 pair of gloves of the Harvest {rC+ Will++ Int-3 Stlth+}
Will    ++++.                   G - +1 pair of boots
Stlth   +++.......              (no amulet)
HPRegen 0.23/turn               l - ring "Marudatz" {rC+ Int+4 SInv}
MPRegen 0.27/turn               b - ring of fire

@: no status effects
A: no striking features
a: Renounce Religion


You were on level 2 of the Lair of Beasts.
You worshipped Vehumet.
Vehumet was extremely pleased with you.
You visited 3 branches of the dungeon, and saw 18 of its levels.
You also visited: Sewer and Ossuary.

You collected 1028 gold pieces.
You spent 225 gold pieces at shops.

Inventory:

Hand Weapons
 p - a +1 shortbow of flaming
 K - a +2 trident of venom
Missiles
 j - 2 throwing nets
 B - 6 curare-tipped darts
Armour
 c - a +0 cloak (worn)
 i - the +5 robe of Night (worn) {Dark Will+ SInv}
   (You took it off a kobold on level 2 of the Dungeon)

   It shrouds the wearer in darkness, reducing the range at which they can see
   and be seen by others.
   SInv:      It lets you see invisible.
   Will:      It increases your willpower.
 r - a +2 robe of resistance
 D - a +2 ring mail of fire resistance
 G - a +1 pair of boots (worn)
 J - a +0 buckler (worn)
 P - the +4 pair of gloves of the Harvest (worn) {rC+ Will++ Int-3 Stlth+}
   (You found it on level 8 of the Dungeon)

   Int:       It affects your intelligence (-3).
   rC:        It protects you from cold.
   Will:      It greatly increases your willpower.
   Stlth:     It makes you more stealthy.
 Y - a +0 helmet (worn)
Magical Staves
 e - a staff of air
 h - a staff of conjuration (weapon)
 N - a staff of earth
Jewellery
 b - a ring of fire (right hand)
 l - the ring "Marudatz" (left hand) {rC+ Int+4 SInv}
   (You found it on level 3 of the Dungeon)

   [ring of see invisible]

   Int:       It affects your intelligence (+4).
   rC:        It protects you from cold.
   SInv:      It lets you see invisible.
 C - a +4 ring of protection
 T - a ring of protection from cold
 X - a ring of ice
Wands
 x - a wand of polymorph (3)
 y - a wand of digging (10)
 Q - a wand of roots (5)
 S - a wand of quicksilver (4)
 V - a wand of mindburst (9)
Scrolls
 k - a scroll of amnesia
 s - 2 scrolls of magic mapping
 v - 11 scrolls of teleportation
 A - a scroll of silence
 E - a scroll of fear
 H - a scroll of vulnerability {unknown}
 I - a scroll of fog
Potions
 a - 2 potions of flight
 d - 5 potions of magic
 g - 9 potions of curing
 m - 2 potions of might
 o - 2 potions of ambrosia {unknown}
 q - 3 potions of berserk rage {unknown}
 t - a potion of heal wounds {unknown}
 w - 2 potions of attraction {unknown}
 z - 2 potions of mutation {unknown}
 F - 2 potions of resistance
 L - 2 potions of cancellation {unknown}
 M - 2 potions of brilliance {unknown}
 O - 5 potions of haste
 U - a potion of invisibility {unknown}
Miscellaneous
 f - a phantom mirror
 n - a condenser vane (inert)
 R - a piece from Xom's chessboard (15/15)
 W - a phantom mirror


   Skills:
 - Level 5.0 Fighting
 + Level 5.4 Armour
 - Level 3.0 Dodging
 - Level 3.0 Stealth
 - Level 5.0 Shields
 * Level 20.0 Spellcasting
 + Level 12.6 Conjurations
 - Level 1.1 Summonings
 - Level 1.1 Translocations
 + Level 11.6 Fire Magic
 - Level 1.0 Ice Magic
 - Level 1.1 Air Magic
 - Level 1.1 Earth Magic
 - Level 1.0 Poison Magic
 - Level 1.0 Evocations


You had 21 spell levels left.
You knew the following spells:

 Your Spells              Type           Power      Damage    Failure   Level
a - Magic Dart            Conj           100%       1d8       0%          1
b - Mephitic Cloud        Conj/Pois/Air  67%        N/A       1%          3
c - Call Imp              Summ           31%        N/A       1%          2
d - Blink                 Tloc           62%        N/A       1%          2
e - Conjure Flame         Conj/Fire      100%       6-21      1%          3
f - Foxfire               Conj/Fire      100%       2x1d9     0%          1
g - Fireball              Conj/Fire      58%        3d22      1%          5
h - Freezing Cloud        Conj/Ice/Air   33%        6-21      2%          5
i - Stone Arrow           Conj/Erth      100%       3d13      1%          3
j - Orb of Destruction    Conj           47%        9d12      2%          7

Your spell library contained the following spells:

 Spells                   Type           Power      Damage    Failure   Level
 Lee's Rapid Deconstruct  Erth           16%        3d11*     10%         5
 Apportation              Tloc           62%        N/A       1%          1
 Necrotise                Necr           100%       1d9       1%          1
 Slow                     Hex            100%       N/A       1%          1
 Sting                    Tmut/Pois      100%       1d8       1%          1
 Summon Small Mammal      Summ           100%       N/A       1%          1
 Poisonous Vapours        Pois/Air       62%        N/A       1%          2
 Ignite Poison            Fire/Tmut/Pois 64%        N/A       1%          3
 Inner Flame              Hex/Fire       71%        N/A       1%          3
 Flame Wave               Conj/Fire      100%       2d17      1%          4
 Hailstorm                Conj/Ice       75%        3d15      1%          4
 Irradiate                Conj/Tmut      36%        3d25      1%          5
 Iskenderun's Battlesphe  Conj           95%        2d14      1%          5
 Ensorcelled Hibernation  Hex/Ice        56%        N/A       2%          2
 Sublimation of Blood     Necr           26%        N/A       3%          2
 Ozocubu's Armour         Ice            31%        N/A       4%          3
 Spider Form              Tmut/Pois      28%        N/A       4%          3
 Olgreb's Toxic Radiance  Pois           31%        N/A       4%          4
 Conjure Ball Lightning   Conj/Air       37%        3x3d12    5%          6
 Petrify                  Tmut/Erth      29%        N/A       16%         4
 Ice Form                 Ice/Tmut       28%        N/A       17%         4
 Anguish                  Hex/Necr       13%        N/A       21%         4
 Ozocubu's Refrigeration  Ice            15%        4d8       94%         7
 Simulacrum               Ice/Necr       14%        N/A       95%         6


Dungeon Overview and Level Annotations

Branches:
Dungeon (15/15)            Temple (1/1) D:4            Lair (2/6) D:11
    Orc (0/2) D:12         Vaults (0/5) D:14         Depths (0/4) D:15
  Sewer (visited)         Ossuary (visited)
  Swamp: Lair:2-4    Shoals: Lair:2-4     Snake: Lair:2-4    Spider: Lair:2-4

Altars:
Ashenzari
Gozag
Hepliaklqana
Kikubaaqudgha
Makhleb
Nemelex Xobeh
Okawaru
Vehumet
Wu Jian
The Shining One

Shops:
D:5 *[((*   D:9 *   D:11 !


Message History

Casting: Blink (safe; 1% risk of failure)
Confirm with . or Enter, or press ? or * to list all spells.
You blink.
The water moccasin bites you but does no damage.
The rime drake is engulfed in noxious fumes.
Unknown command.
The rime drake is engulfed in noxious fumes.
The rime drake appears confused.
The water moccasin bites you but does no damage.
The rime drake is engulfed in noxious fumes.
Unknown command.
The rime drake is engulfed in noxious fumes.
The rime drake appears confused.
The four-headed hydra attacks as you move away!
The four-headed hydra bites you but does no damage.
The four-headed hydra barely misses you.
The four-headed hydra bites you but does no damage.
The four-headed hydra bites you.
* * * LOW HITPOINT WARNING * * *
The water moccasin attacks as you move away!
You block the water moccasin's attack.
You feel stable enough to blink again.
A black mamba comes into view.
The black mamba hisses angrily.
The rime drake is engulfed in noxious fumes.
The rime drake appears confused.
The rime drake is engulfed in noxious fumes.
Blink to where?
Press: ? - help, Dir - move target, p - water moccasin
As you read the scroll of blinking, it crumbles to dust.
The black mamba closely misses you.
Casting: Blink (safe; 1% risk of failure)
Confirm with . or Enter, or press ? or * to list all spells.
A metallic apparition takes form in the air.
The black mamba barely misses you. The black mamba bites you!
* * * LOW HITPOINT WARNING * * *
Unknown command.
The black mamba attacks as you move away!
The black mamba barely misses you. The black mamba bites you!
You die...

P...# .......# #...#
+..P.#.># #...#
#.....#..## ##...#
...........## #.<..##
..........P.#####....#
.P..........S@5.....##
..........D####......#
#..........## ##.....##
##.......P..### ##......#
#.............# #.......#
PP........D§.#####.....##
.<...........##.P......#
...........SDh.........#
#+#......k......#....#.##


You could see a four-headed hydra, a black mamba (ally target) and a friendly
iron imp (summoned).

Vanquished Creatures
  Josephine (D:12)
  A fire dragon (D:15)
  3 hydras
  A vault guard (D:14)
  An ice dragon (D:15)
  2 boulder beetles
  3 centaur warriors
  An ogre mage (D:14)
  7 two-headed ogres
  2 tengu warriors (D:14)
  Nergalle (D:11)
  A skeletal warrior (D:14)
  A deep elf archer (D:14)
  2 deep elf pyromancers
  An orc knight (D:15)
  2 wolf spiders (Lair:2)
  5 manticores
  7 cyclopes
  A black mamba (Lair:1)
  A gargoyle (D:12)
  4 cane toads
  2 unseen horrors
  2 komodo dragons
  3 yaktaurs (D:15)
  4 efreet
  3 trolls
  2 hornets
  A tarantella (shapeshifter) (D:15)
  5 blink frogs (Lair:1)
  Prince Ribbit (D:7)
  Grinder (D:5)
  9 slime creatures (D:13)
  Sigmund (D:3)
  4 shadows
  A vampire (D:12)
  3 wyverns
  21 yaks
  A ynoxinul (D:10)
  6 wraiths (D:12)
  3 basilisks
  A human (shapeshifter) (D:14)
  A steam dragon (D:8)
  A chaos spawn (D:10)
  5 vampire mosquitoes
  A warg (D:15)
  8 water moccasins
  3 acid dragons
  7 orc warriors
  3 sky beasts
  An ice beast (D:6)
  10 wolves (Lair:2)
  13 centaurs
  7 ogres
  3 boggarts (D:14)
  4 kobold brigands
  3 phantoms
  4 elf zombies (Ossuary)
  10 bullfrogs
  2 gnoll sergeants
  A necrophage (D:6)
  3 scorpions
  11 wights
  19 killer bees
  4 howler monkeys
  A centaur zombie (Ossuary)
  3 jellies
  9 orc priests
  2 hounds
  2 gnoll boudas
  2 human zombies (Ossuary)
  8 iguanas
  Jessica (D:2)
  Ijyb (D:3)
  7 orc wizards
  2 hound zombies (Ossuary)
  3 mummies (Ossuary)
  21 gnolls
  3 river rats (Sewer)
  14 adders
  5 white imps
  An ufetubus (D:5)
  3 adder zombies (Ossuary)
  4 worms
  2 dart slugs
  30 orcs
  5 endoplasms
  4 giant cockroaches
  A gnoll zombie (Ossuary)
  9 goblins
  10 hobgoblins
  13 jackals
  25 kobolds
  7 quokkas
  11 ball pythons
  6 bats
  6 frilled lizards
  5 goblin zombies (Ossuary)
  2 hobgoblin zombies (Ossuary)
  5 jackal zombies (Ossuary)
  5 kobold zombies (Ossuary)
  2 orc zombies (Ossuary)
  4 quokka zombies (Ossuary)
  10 rats
  A rat zombie (Ossuary)
  A spectral hobgoblin (D:1)
  A butterfly (Lair:2)
503 creatures vanquished.

Vanquished Creatures (collateral kills)
  2 gnolls (D:5)
2 creatures vanquished.

Vanquished Creatures (others)
  7 demonic plants (D:10)
  61 foxfires
  22 fungi
  46 plants
136 creatures vanquished.

Grand Total: 641 creatures vanquished

Notes
Turn   | Place    | Note
-------+----------+-------------------------------------------
     0 | D:1      | pokeman the Deep Elf Hedge Wizard began the quest for the
                  | Orb.
     0 | D:1      | Reached XP level 1. HP: 10/10 MP: 7/7
    94 | D:1      | Reached XP level 2. HP: 6/16 MP: 6/9
   738 | D:1      | Found a faded altar of an unknown god.
   809 | D:1      | Reached skill level 5 in Spellcasting
  1155 | D:1      | Reached XP level 3. HP: 17/20 MP: 11/11
  1159 | D:1      | Learned a level 3 spell: Mephitic Cloud
  1162 | D:1      | Learned a level 2 spell: Call Imp
  1165 | D:1      | Learned a level 2 spell: Blink
  1169 | D:1      | Learned a level 3 spell: Conjure Flame
  1672 | D:2      | Reached skill level 1 in Fighting
  1995 | D:2      | Reached skill level 1 in Armour
  2021 | D:2      | Noticed Jessica
  2032 | D:2      | Killed Jessica
  2033 | D:2      | Reached XP level 4. HP: 19/25 MP: 2/13
  2606 | D:2      | Reached skill level 6 in Spellcasting
  2606 | D:2      | Reached XP level 5. HP: 19/29 MP: 1/15
  3323 | D:3      | Identified the ring "Marudatz" {rC+ Int+4 SInv}
  3411 | D:3      | Reached skill level 1 in Evocations
  3748 | D:3      | Noticed Ijyb
  3766 | D:3      | Killed Ijyb
  3767 | D:3      | Reached skill level 1 in Fire Magic
  3847 | D:3      | Found an ornate altar of the Wu Jian Council.
  4023 | D:3      | Reached XP level 6. HP: 34/34 MP: 14/17
  4207 | D:3      | Noticed Sigmund
  4218 | D:3      | Killed Sigmund
  4557 | D:4      | Found a hazy altar of Hepliaklqana.
  4578 | D:4      | Reached skill level 1 in Poison Magic
  4589 | D:4      | Found a radiant altar of Vehumet.
  4589 | D:4      | Found a burning altar of Makhleb.
  4682 | D:4      | Became a worshipper of Vehumet
  4784 | D:4      | Found a staircase to the Ecumenical Temple.
  4900 | D:4      | Reached skill level 7 in Spellcasting
  4900 | D:4      | Reached skill level 5 in Conjurations
  4900 | D:4      | Reached skill level 1 in Air Magic
  4900 | D:4      | Reached XP level 7. HP: 38/38 MP: 9/19
  4995 | D:4      | Found an opulent altar of Gozag.
  5692 | D:5      | Entered Level 5 of the Dungeon
  5698 | D:5      | Found Ruuleg's Antique Weapon Shop.
  5790 | D:5      | Found Wyrch's General Store.
  5907 | D:5      | Found a glowing drain.
  5913 | Sewer    | Entered a sewer
  6186 | Sewer    | Reached * piety under Vehumet
  6186 | Sewer    | Offered knowledge of Shock by Vehumet.
  6528 | Sewer    | Reached skill level 8 in Spellcasting
  6960 | D:5      | Found Afoutu's Assorted Antiques.
  6996 | D:5      | Found Onavauh's Antique Armour Emporium.
  7210 | D:5      | Found Vess's Weapon Shop.
  7299 | D:5      | Reached XP level 8. HP: 42/44 MP: 15/22
  7409 | D:5      | Noticed Grinder
  7825 | D:5      | Paralysed by Grinder for 2 turns
  7827 | D:5      | Killed Grinder
  7828 | D:5      | Reached skill level 9 in Spellcasting
  8047 | D:5      | HP: 2/44 [poisoned by a gnoll sergeant]
  8762 | D:6      | Reached skill level 10 in Spellcasting
  8848 | D:6      | Reached XP level 9. HP: 17/48 MP: 5/25
  9324 | D:6      | Upgraded the game from 0.29-a0-817-g9904bce7a6 to
                  | 0.29-a0-821-g66395355a5
  9557 | D:6      | Reached skill level 11 in Spellcasting
  9862 | D:6      | Reached skill level 5 in Fire Magic
 10598 | D:7      | Offered knowledge of Sandblast by Vehumet.
 10602 | D:7      | Reached ** piety under Vehumet
 10946 | D:7      | Reached skill level 1 in Shields
 11151 | D:7      | Learned a level 5 spell: Freezing Cloud
 11201 | D:7      | Noticed Prince Ribbit
 11213 | D:7      | Killed Prince Ribbit
 11214 | D:7      | Reached skill level 12 in Spellcasting
 11489 | D:7      | Reached skill level 1 in Ice Magic
 11752 | D:8      | Found a sand-covered staircase.
 11761 | Ossuary  | Entered an ossuary
 11820 | Ossuary  | Reached XP level 10. HP: 49/56 MP: 28/28
 11828 | Ossuary  | Offered knowledge of Stone Arrow by Vehumet.
 11838 | Ossuary  | Learned a level 3 spell: Stone Arrow
 12033 | Ossuary  | Reached *** piety under Vehumet
 12305 | Ossuary  | Offered knowledge of Inner Flame by Vehumet.
 12380 | D:8      | Identified the +4 pair of gloves of the Harvest {rC+ Will++
                  | Int-3 Stlth+}
 12459 | D:8      | Reached skill level 1 in Earth Magic
 12792 | D:8      | Identified the +1 ring mail of Cadabry {*Corrode rC- Str+6}
 13106 | D:8      | Learned a level 1 spell: Foxfire
 13269 | D:8      | Found an ancient bone altar of Kikubaaqudgha.
 13597 | D:9      | Found Perafoil's Assorted Antiques.
 13631 | D:9      | Reached skill level 13 in Spellcasting
 13917 | D:9      | Reached **** piety under Vehumet
 14030 | D:9      | Noticed a two-headed ogre
 14041 | D:9      | Killed a two-headed ogre
 14864 | D:10     | Entered Level 10 of the Dungeon
 15061 | D:10     | Learned a level 5 spell: Fireball
 15069 | D:10     | Learned a level 7 spell: Orb of Destruction
 15343 | D:10     | Reached skill level 14 in Spellcasting
 15362 | D:10     | Offered knowledge of Fulminant Prism by Vehumet.
 15610 | D:10     | Reached XP level 11. HP: 34/60 MP: 24/31
 16480 | D:5      | Bought a fine rapier for 225 gold pieces
 16480 | D:5      | Identified the +3 rapier "Ypeobaff" {distort, *Rage rElec
                  | Will- Str+9} (You bought it in a shop on level 5 of the
                  | Dungeon)
 16591 | D:11     | Noticed a six-headed hydra
 16594 | D:11     | Killed a six-headed hydra
 16725 | D:11     | Noticed Nergalle
 16730 | D:11     | Killed Nergalle
 16887 | D:11     | Reached skill level 15 in Spellcasting
 17032 | D:11     | Noticed a six-headed hydra
 17036 | D:11     | Killed a six-headed hydra
 17222 | D:11     | Found a staircase to the Lair.
 17252 | D:11     | Found Geshroc's Distillery.
 17916 | D:12     | Noticed a deep elf pyromancer
 17918 | D:12     | Killed a deep elf pyromancer
 17980 | D:12     | Found a staircase to the Orcish Mines.
 18045 | D:12     | Reached skill level 10 in Conjurations
 18075 | D:12     | Reached ***** piety under Vehumet
 18076 | D:12     | Reached skill level 5 in Shields
 18216 | D:12     | Offered knowledge of Lee's Rapid Deconstruction by Vehumet.
 18437 | D:12     | Reached skill level 16 in Spellcasting
 18608 | D:12     | Noticed a two-headed ogre
 18637 | D:12     | Killed a two-headed ogre
 18638 | D:12     | Reached XP level 12. HP: 61/64 MP: 22/34
 18922 | D:12     | Noticed Josephine
 18930 | D:12     | Killed Josephine
 19398 | Temple   | Entered the Ecumenical Temple
 19440 | Temple   | Upgraded the game from 0.29-a0-821-g66395355a5 to
                  | 0.29-a0-823-gc37b1572da
 20292 | D:13     | Noticed a centaur warrior
 20399 | D:13     | Killed a centaur warrior
 20400 | D:13     | Reached skill level 17 in Spellcasting
 21097 | D:13     | Noticed a two-headed ogre
 21100 | D:13     | Killed a two-headed ogre
 21232 | D:13     | Noticed a six-headed hydra
 21235 | D:13     | Killed a six-headed hydra
 21236 | D:13     | Reached skill level 10 in Fire Magic
 21327 | D:14     | Noticed a two-headed ogre
 21329 | D:14     | Noticed a two-headed ogre
 21330 | D:14     | Killed a two-headed ogre
 21331 | D:14     | Reached skill level 5 in Fighting
 21331 | D:14     | Noticed a two-headed ogre
 21331 | D:14     | Noticed an ogre mage
 21332 | D:14     | Noticed a two-headed ogre
 21333 | D:14     | Killed a two-headed ogre
 21334 | D:14     | Killed a two-headed ogre
 21334 | D:14     | Killed an ogre mage
 21335 | D:14     | Reached skill level 18 in Spellcasting
 21335 | D:14     | Killed a two-headed ogre
 21541 | D:14     | Reached XP level 13. HP: 68/72 MP: 33/37
 22220 | D:14     | Identified a scroll of acquirement
 22222 | D:14     | Acquired a staff of conjuration
 22270 | D:14     | Found a gate to the Vaults.
 22670 | D:14     | Found a transporter.
 22670 | D:14     | Found a transporter.
 22732 | D:14     | Found a transporter.
 22773 | D:14     | Found a transporter.
 23273 | D:15     | Entered Level 15 of the Dungeon
 23504 | D:15     | Reached skill level 19 in Spellcasting
 23757 | D:15     | Noticed a fire dragon
 23770 | D:15     | Killed a fire dragon
 23957 | D:15     | Found a staircase to the Depths.
 24322 | D:15     | Found a broken altar of Ashenzari.
 25185 | Lair:1   | Entered Level 1 of the Lair of Beasts
 25197 | Lair:1   | Reached skill level 5 in Armour
 26513 | Lair:2   | Reached XP level 14. HP: 78/78 MP: 29/39
 26557 | Lair:2   | Reached skill level 20 in Spellcasting
 26576 | Lair:2   | HP: 2/78 [four-headed hydra (7)]
 26588 | Lair:2   | HP: 3/78 [black mamba (10)]
 26589 | Lair:2   | Mangled by a black mamba

Illustrated notes

Levels and vault maps discovered:
D:1:      amcnicky_arrival_double_pillar, layout_loops_ring,
          dreamdust_ecumenical_altar_drowned_temple, minivault_23
D:2:      minmay_evil_eye, layout_basic, uniq_jessica
D:3:      layout_basic, amcnicky_altar_gilded, chequers_garden,
          minmay_stone_trees_small, uniq_sigmund, uniq_ijyb
D:4:      layout_basic, lemuel_tele_altar, grunt_temple_overflow_open,
          minmay_temple_entry_ruins
D:5:      layout_cave_pools, cheibrodos_sewer_entry_bend, serial_shops,
          nicolae_square_shop, kennysheep_little_box, nicolae_take_the_stairs,
          nicolae_stop_n_shop_2, nicolae_shop_advertising_works
          [nicolae_subvault_shop_adworks], uniq_grinder
D:6:      layout_basic
D:7:      layout_rooms, uniq_prince_ribbit1
D:8:      layout_loops_corners, mainiacjoe_overflow_alcove_1,
          nicolae_ossuary_entry_plus, minmay_unpleasant_kobolds
D:9:      layout_stronghold, serial_shops, nicolae_shop_overgrown_old_shop,
          hellmonk_bongcloud_opening
D:10:     layout_long_grid, serial_demonic, serial_demonic_b, serial_demonic_c,
          serial_demonic_d, serial_demonic_c, minmay_crystal_room, centaur_isle
D:11:     layout_loops_ring, grunt_lair_entry_orc_guard_hut, serial_shops, shop,
          grunt_ogre_cave, palyth_stone_intersect, uniq_nergalle
D:12:     layout_loops_cross, david_orc_2, uniq_josephine
D:13:     layout_long_grid
D:14:     layout_cave_pods, david_vaults_5, minmay_parallelograms,
          nicolae_diode_quadrants
D:15:     grunt_enter_depths_hoard, layout_grid_maze, ashenzari_altar_1
Temple:   eino_temple_rhombus
Lair:1:   layout_misc_corridors, lemuel_fruit_fields, lemuel_fruit_tree
Lair:2:   layout_chaotic_city, minmay_snake_entry_six_corridors, minivault_27,
          nicolae_lair_run_with_the_wolves, lemuel_fruit_fields,
          lemuel_fruit_fields

Skill      XL: |  1  2  3  4  5  6  7  8  9 10 11 12 13 14 |
---------------+-------------------------------------------+-----
Spellcasting   | 5 6 7 8 10 12 14 16 18 19 20 | 20.0
Fighting       | 1 2 3 5 |  5.0
Conjurations   | 2 3 5 6 7 9 10 11 12 | 12.6
Armour         | 1 2 3 5 |  5.4
Dodging        | 3 |  3.0
Stealth        | 3 |  3.0
Evocations     | 1 |  1.0
Fire Magic     | 1 2 4 5 7 8 10 11 | 11.6
Poison Magic   | 1 |  1.0
Air Magic      | 1 |  1.1
Shields        | 1 3 5 |  5.0
Ice Magic      | 1 |  1.0
Earth Magic    | 1 |  1.1
Summonings     | |  1.1
Translocations | |  1.1

Action                   |  1- 3 |  4- 6 |  7- 9 | 10-12 | 13-15 || total
-------------------------+-------+-------+-------+-------+-------++-------
Melee: Dagger            |    28 |       |       |       |       ||    28
       Short sword       |    10 |    34 |    39 |       |       ||    83
       Punch             |       |       |     3 |     1 |       ||     4
       Whip              |       |       |    40 |       |       ||    40
       Trident           |       |       |   104 |   123 |     1 ||   228
       Staff             |       |       |       |       |     3 ||     3
 Cast: Magic Dart        |   103 |   152 |   318 |    51 |       ||   624
       Mephitic Cloud    |       |     7 |    30 |    20 |     1 ||    58
       Conjure Flame     |       |     4 |    23 |     9 |       ||    36
       Call Imp          |       |       |    14 |       |     2 ||    16
       Blink             |       |       |     8 |     4 |     5 ||    17
       Foxfire           |       |       |       |    31 |     2 ||    33
       Stone Arrow       |       |       |       |    25 |     1 ||    26
       Fireball          |       |       |       |   120 |   113 ||   233
       Freezing Cloud    |       |       |       |    18 |     6 ||    24
       Orb of Destructio |       |       |       |       |     2 ||     2
Evoke: Wand              |       |       |     5 |     3 |     2 ||    10
       Condenser vane    |       |       |       |       |     1 ||     1
  Use: Potion            |       |       |     1 |       |     1 ||     2
       Scroll            |       |       |       |    14 |     5 ||    19
 Stab: Sleeping          |     2 |       |       |       |       ||     2
       Confused          |       |     4 |     8 |     7 |       ||    19
       Distracted        |       |       |     1 |       |       ||     1
Armor: Robe              |    11 |    28 |    60 |    44 |    24 ||   167
Dodge: Dodged            |    37 |    35 |   116 |    77 |    29 ||   294
Block: Buckler           |       |       |       |     5 |    13 ||    18

Table legend: (Time is in decaauts)
 A = Elapsed time spent in this place.
 B = Non-inter-level travel time spent in this place.
 C = Inter-level travel time spent in this place.
 D = Time resting spent in this place.
 E = Time spent auto-exploring this place.
 F = Levels seen in this place.
 G = Mean time per level.
                   A        B        C        D        E       F      G
               +--------+--------+--------+--------+--------+-----+--------+
         Total |  26804 |  25361 |   1443 |   2767 |  18990 |  20 | 1340.2 |
       Dungeon |  23831 |  22406 |   1425 |   2767 |  16551 |  15 | 1588.7 |
        Temple |     43 |     41 |      2 |      0 |      0 |   1 |   43.0 |
          Lair |   1269 |   1254 |     15 |      0 |   1113 |   2 |  634.5 |
         Sewer |   1060 |   1060 |      0 |      0 |    938 |   1 | 1060.0 |
       Ossuary |    598 |    598 |      0 |      0 |    388 |   1 |  598.0 |
               +--------+--------+--------+--------+--------+-----+--------+

Top non-repeatable levels by time:
     D:5: 2005 daAuts
    D:10: 1889 daAuts
    D:14: 1868 daAuts
    D:13: 1858 daAuts
    D:15: 1837 daAuts
     D:6: 1814 daAuts
     D:2: 1734 daAuts
     D:1: 1557 daAuts
     D:7: 1369 daAuts
     D:8: 1357 daAuts
    D:12: 1351 daAuts
     D:9: 1326 daAuts
     D:4: 1324 daAuts
    D:11: 1302 daAuts
     D:3: 1234 daAuts
